 Dungeon Crawl Stone Soup version 0.28.0-43-g3370ac3207 (webtiles) character file.

Game seed: 8456452743778435019

72 jimonade the Caller (level 4, -3/32 HPs)
             Began as a Merfolk Summoner on Mar 12, 2022.
             Slain by Natasha (5 damage)
             ... on level 2 of the Dungeon.
             The game lasted 00:10:11 (2725 turns).

jimonade the Caller (Merfolk Summoner)              Turns: 2725, Time: 00:10:11

Health: -3/32      AC:  2    Str:  8    XL:     4   Next: 25%
Magic:  6/8        EV: 12    Int: 22    God:
Gold:   46         SH:  0    Dex: 14    Spells: 5/8 levels left

rFire   + . .      SeeInvis .   l - +0 short sword
rCold   + . .      Faith    .   (no shield)
rNeg    . . .      Spirit   .   e - +0 robe
rPois   +          Reflect  .   (no helmet)
rElec   +          Harm     .   (no cloak)
rCorr   +          Rampage  .   (no gloves)
Will    .....                   (no boots)
Stlth   ++........              (no amulet)
HPRegen 0.10/turn               k - +6 ring of intelligence
MPRegen 0.11/turn               (no ring)

@: resistant, attractive
A: (nimble swimmer 2), mertail
a: no special abilities


You were on level 2 of the Dungeon.
You visited 1 branch of the dungeon, and saw 2 of its levels.

You collected 46 gold pieces.

Inventory:

Hand Weapons
 f - a +0 dagger
 j - a +0 hunting sling
 l - a +0 short sword (weapon)
 m - a +0 whip
Missiles
 c - 127 stones
 n - 3 poisoned darts
Armour
 a - a +0 robe
 e - a +0 robe (worn)
Jewellery
 k - a +6 ring of intelligence (left hand)
Scrolls
 b - 2 scrolls of identify {unknown}
 i - a scroll of enchant armour {unknown}
Potions
 h - a potion of brilliance {unknown}
 o - a potion of magic {unknown}
 p - a potion of berserk rage {unknown}


   Skills:
 * Level 1.2 Fighting
 + Level 0.4 Short Blades
 * Level 0.5 Armour
 - Level 2.6 Dodging
 - Level 2.1 Stealth
 * Level 2.7 Spellcasting
 * Level 4.8 Summonings


You had 5 spell levels left.
You knew the following spells:

 Your Spells              Type           Power      Damage    Failure   Level
a - Summon Small Mammal   Summ           96%        N/A       1%          1
b - Call Imp              Summ           24%        N/A       2%          2

Your spell library contained the following spells:

 Spells                   Type           Power      Damage    Failure   Level
 Call Canine Familiar     Summ           24%        N/A       5%          3
 Summon Guardian Golem    Hex/Summ       13%        N/A       14%         3
 Summon Lightning Spire   Summ/Air       13%        N/A       43%         4


Dungeon Overview and Level Annotations

Branches:
Dungeon (2/15)

Altars:

Annotations:
D:2 Natasha


Innate Abilities, Weirdness & Mutations

((You are very nimble when in or above water. (Stealth+, EV+, Speed+++)))
Your lower body shifts to a powerful aquatic tail in water.


Message History

Natasha mumbles some strange words.
You now have 46 gold pieces (gained 16).
The crimson imp shouts!
Natasha howls an incantation.
You feel disoriented.
Natasha stares at you and mumbles some strange words.
The magic dart hits you!
Natasha stares at you and mumbles some strange words.
The magic dart hits you.
You are too injured to fight recklessly!
Casting: Call Imp (safe; 2% risk of failure)
Press: ? - help, Q - select action, (/) - cycle Dir - look around, f - activate A beastly little devil appears in a puff of frigid air.
What are your orders? t - Shout!
Orders for allies: a - Attack new target. r - Retreat! s - Stop attacking. g - Guard the area. f - Follow me.
Anything else - Cancel.
Gang up on whom?
Press: ? - help, Dir - move target, f - Natasha
Aim: Natasha (ally target) Attack!
Your white imp barely misses Natasha.
You hit Natasha.
Natasha is lightly wounded.
Natasha claws you!
* * * LOW HITPOINT WARNING * * *
Your white imp closely misses Natasha.
You hit Natasha but do no damage. Natasha barely misses you.
Your white imp misses Natasha.
It was a potion of attraction.
You feel attractive to monsters. Natasha claws you.
* * * LOW HITPOINT WARNING * * *
Your white imp barely misses Natasha.
It was a potion of resistance.
You feel protected. Natasha claws you.
You die...

#. #. ###J# #. ..#.# #.
#.# #.#.# #. #.#
#.#.###########.
#.#######.#.#...........
#.#...h5#.#.#.##########
#.#.###@#.#.#.##########
#.#.#.......#...........
#.#.#.#.#.###.##########
#.#h#.#.#...............
##.#.#.#.#########.......
#............. +..รท....
#..#.######.######.......
#..#.........#.5.........
#..###...##..#.###.......


You could see Natasha (ally target) and a friendly white imp (summoned).

Vanquished Creatures
  A hobgoblin (D:2)
  2 kobolds (D:1)
  A bat (D:1)
4 creatures vanquished.

Vanquished Creatures (collateral kills)
  Natasha (D:2)
  An adder (D:2)
  3 worms
  A dart slug (D:1)
  4 ball pythons
  3 endoplasms
  A giant cockroach (D:1)
  A goblin (D:1)
  A hobgoblin (D:2)
  A quokka (D:1)
  2 bats
  A frilled lizard (D:1)
  2 kobolds (D:1)
  A rat (D:1)
23 creatures vanquished.

Grand Total: 27 creatures vanquished

Notes
Turn   | Place    | Note
-------+----------+-------------------------------------------
     0 | D:1      | jimonade the Merfolk Summoner began the quest for the Orb.
     0 | D:1      | Reached XP level 1. HP: 13/13 MP: 3/3
    83 | D:1      | Noticed a floating eye
    86 | D:1      | Found a faded altar of an unknown god.
    88 | D:1      | Noticed a shining eye
   115 | D:1      | Noticed a shining eye
   115 | D:1      | Noticed a golden eye
   613 | D:1      | Reached XP level 2. HP: 18/19 MP: 3/5
  1033 | D:1      | Learned a level 2 spell: Call Imp
  1642 | D:1      | Reached XP level 3. HP: 25/25 MP: 3/6
  2187 | D:2      | Reached skill level 1 in Fighting
  2344 | D:2      | Noticed Natasha
  2357 | D:2      | Killed Natasha
  2358 | D:2      | Reached XP level 4. HP: 12/32 MP: 3/8
  2379 | D:2      | Noticed Natasha
  2725 | D:2      | Slain by Natasha

Illustrated notes

Levels and vault maps discovered:
D:1:      scummos_arrival_simple_crosswalls, layout_loops_cross,
          hellmonk_ecumenical_altar_watching_god, nicolae_wormholes
D:2:      layout_basic, uniq_natasha

Skill      XL: |  1  2  3 |
---------------+----------+-----
Fighting       | 1 |  1.2
Short Blades   | |  0.4
Armour         | |  0.5
Dodging        | |  2.6
Stealth        | |  2.1
Spellcasting   | |  2.7
Summonings     | |  4.8

Action                   |  1- 3 |  4- 6 || total
-------------------------+-------+-------++-------
Melee: Unarmed           |    22 |       ||    22
       Dagger            |     8 |       ||     8
       Short sword       |    15 |     3 ||    18
       Punch             |     1 |       ||     1
 Cast: Summon Small Mamm |    17 |       ||    17
       Call Imp          |    14 |     7 ||    21
  Use: Potion            |       |     2 ||     2
 Stab: Sleeping          |     1 |       ||     1
Armor: Robe              |     3 |       ||     3
Dodge: Dodged            |    22 |     3 ||    25
